BSA
NEW YORK KNIGHTS @ PORTLAND CARDS
04/10/2029
 
TOP OF THE 1ST
New York Knights batting - Pitching for Portland Cards : RHP Nelson Ortega
Pitching: RHP Nelson Ortega
Batting: LHB Warren Potter 0-0: Called Strike
0-1: Ball
1-1: Foul Ball, location: 2F
1-2: Foul Ball, location: 2F
1-2: Ball
2-2: Ground out 5-3 (Groundball, 5)
Batting: RHB Pepe Carrasco 0-0: Foul Ball, location: 2F
0-1: Called Strike
0-2: Ball
1-2: Foul Ball, location: 2F
1-2: Ball
2-2: Fly out, F9 (Flyball, 9)
Batting: RHB Vic Langlois 0-0: SINGLE (Groundball, 56D)
Batting: RHB Lonnie Anderson 0-0: Called Strike
0-1: Called Strike
0-2: Ground out 4-3 (Groundball, 34)
Top of the 1st over - 0 runs, 1 hit, 0 errors, 1 left on base; New York 0 - Portland 0
BOTTOM OF THE 1ST
Portland Cards batting - Pitching for New York Knights : RHP Thatcher Smith
Pitching: RHP Thatcher Smith
Batting: RHB Dani Vázquez 0-0: Ball
1-0: Foul Ball, location: 2F
1-1: Ball
2-1: Called Strike
2-2: Fly out, F3 (Line Drive, 3)
Batting: RHB António Zúńiga 0-0: Called Strike
0-1: Ball
1-1: Ball
2-1: Fly out, F3 (Line Drive, 34)
Batting: LHB Jeff Daniels 0-0: Ball
1-0: Swinging Strike
1-1: SINGLE (Groundball, 4MD)
Batting: LHB Troy Donaldson 0-0: Foul Ball, location: 2F
0-1: Called Strike
0-2: Strikes out looking
Bottom of the 1st over - 0 runs, 1 hit, 0 errors, 1 left on base; New York 0 - Portland 0
TOP OF THE 2ND
New York Knights batting - Pitching for Portland Cards : RHP Nelson Ortega
Batting: SHB Marvin Harris 0-0: Foul Ball, location: 2F
0-1: Foul Ball, location: 2F
0-2: Ground out 4-3 (Groundball, 4D)
Batting: RHB Felipe Rodríguez 0-0: Called Strike
0-1: Ball
1-1: Foul Ball, location: 2F
1-2: Ball
2-2: Foul Ball, location: 2F
2-2: Strikes out swinging
Batting: RHB Steve Sampson 0-0: Foul Ball, location: 2F
0-1: Called Strike
0-2: Ball
1-2: Strikes out swinging
Top of the 2nd over - 0 runs, 0 hits, 0 errors, 0 left on base; New York 0 - Portland 0
BOTTOM OF THE 2ND
Portland Cards batting - Pitching for New York Knights : RHP Thatcher Smith
Batting: RHB Eugene Gill 0-0: Ball
1-0: Ball
2-0: Called Strike
2-1: Called Strike
2-2: Ball
3-2: DOUBLE (Line Drive, 5D)
Batting: RHB Aaron Scott 0-0: Foul Ball, location: 2F
0-1: Ball
1-1: Fly out, F4 (Popup, 4M)
Batting: LHB Chance Santry 0-0: Called Strike
0-1: Foul Ball, location: 2F
0-2: Strikes out swinging
Batting: RHB Mario Méndez 0-0: Ball
1-0: Ball
2-0: Ball
3-0: Called Strike
3-1: Base on Balls
Batting: RHB Robert Bly 0-0: Swinging Strike
0-1: Called Strike
0-2: Strikes out swinging
Bottom of the 2nd over - 0 runs, 1 hit, 0 errors, 2 left on base; New York 0 - Portland 0
TOP OF THE 3RD
New York Knights batting - Pitching for Portland Cards : RHP Nelson Ortega
Batting: LHB Marcos Pérez 0-0: Ball
1-0: Ball
2-0: Called Strike
2-1: Foul Ball, location: 2F
2-2: Foul Ball, location: 2F
2-2: Foul Ball, location: 2F
2-2: Foul Ball, location: 2F
2-2: Ball
3-2: Ground out 3-1 (Groundball, 34)
Batting: RHB Jacob Pope 0-0: Ball
1-0: Fly out, F8 (Flyball, 8RM)
Batting: LHB Warren Potter 0-0: Called Strike
0-1: Ground out U3 (Groundball, 3)
Top of the 3rd over - 0 runs, 0 hits, 0 errors, 0 left on base; New York 0 - Portland 0
BOTTOM OF THE 3RD
Portland Cards batting - Pitching for New York Knights : RHP Thatcher Smith
Batting: RHB Dani Vázquez 0-0: Ball
1-0: Foul Ball, location: 2F
1-1: Foul Ball, location: 2F
1-2: Fly out, F8 (Flyball, 8RM)
Batting: RHB António Zúńiga 0-0: Called Strike
0-1: Fly out, F3 (Popup, 3SF)
Batting: LHB Jeff Daniels 0-0: Called Strike
0-1: Fly out, F3 (Line Drive, 3L)
Bottom of the 3rd over - 0 runs, 0 hits, 0 errors, 0 left on base; New York 0 - Portland 0
TOP OF THE 4TH
New York Knights batting - Pitching for Portland Cards : RHP Nelson Ortega
Batting: RHB Pepe Carrasco 0-0: Called Strike
0-1: Ball
1-1: Called Strike
1-2: Ball
2-2: Fly out, F7 (Flyball, 78M)
Batting: RHB Vic Langlois 0-0: Ball
1-0: Called Strike
1-1: Ball
2-1: Ball
3-1: Foul Ball, location: 2F
3-2: Strikes out swinging
Batting: RHB Lonnie Anderson 0-0: Foul Ball, location: 2F
0-1: Ball
1-1: Foul Ball, location: 2F
1-2: Ball
2-2: Foul Ball, location: 2F
2-2: Foul Ball, location: 2F
2-2: Strikes out swinging
Top of the 4th over - 0 runs, 0 hits, 0 errors, 0 left on base; New York 0 - Portland 0
BOTTOM OF THE 4TH
Portland Cards batting - Pitching for New York Knights : RHP Thatcher Smith
Batting: LHB Troy Donaldson 0-0: Fly out, F9 (Flyball, 9D)
Batting: RHB Eugene Gill 0-0: Hit by Pitch
Batting: RHB Aaron Scott 0-0: Called Strike
0-1: Called Strike
0-2: Ball
1-2: Ball
2-2: Foul Ball, location: 2F
2-2: Strikes out swinging
Batting: LHB Chance Santry 0-0: Ball
1-0: Ball
2-0: Called Strike
2-1: DOUBLE (Groundball, 3L)
Eugene Gill to third
Runner from 3rd tries for Home, SAFE, no throw
Batting: RHB Mario Méndez 0-0: Ball
1-0: Foul Ball, location: 2F
1-1: Foul Ball, location: 2F
1-2: Ground out 6-3 (Groundball, 6)
Bottom of the 4th over - 1 run, 1 hit, 0 errors, 1 left on base; New York 0 - Portland 1
TOP OF THE 5TH
New York Knights batting - Pitching for Portland Cards : RHP Nelson Ortega
Batting: SHB Marvin Harris 0-0: Called Strike
0-1: Hit by Pitch
Batting: RHB Felipe Rodríguez 0-0: Ball
1-0: Ball
2-0: Ball
3-0: Swinging Strike
3-1: Foul Ball, location: 2F
3-2: Strikes out swinging
Batting: RHB Steve Sampson 0-0: Fly out, F7 (Flyball, 78D)
Batting: LHB Marcos Pérez 0-0: SINGLE (Groundball, 56D)
Marvin Harris to second
Batting: RHB Jacob Pope 0-0: Fielders Choice at 2nd, 5-4 (Groundball, 56)
Top of the 5th over - 0 runs, 1 hit, 0 errors, 2 left on base; New York 0 - Portland 1
BOTTOM OF THE 5TH
Portland Cards batting - Pitching for New York Knights : RHP Thatcher Smith
Batting: RHB Robert Bly 0-0: Fly out, F6 (Popup, 6MS)
Batting: RHB Dani Vázquez 0-0: Ball
1-0: Foul Ball, location: 2F
1-1: Foul Ball, location: 2F
1-2: SINGLE (Line Drive, 4D)
Batting: RHB António Zúńiga 0-0: Called Strike
0-1: Swinging Strike
0-2: Grounds into double play, 6-4-3 (Groundball, 6)
Bottom of the 5th over - 0 runs, 1 hit, 0 errors, 0 left on base; New York 0 - Portland 1
TOP OF THE 6TH
New York Knights batting - Pitching for Portland Cards : RHP Nelson Ortega
Batting: LHB Warren Potter 0-0: Fly out, F4 (Flyball, 34D)
Batting: RHB Pepe Carrasco 0-0: Ball
1-0: Foul Ball, location: 2F
1-1: Ball
2-1: Foul Ball, location: 2F
2-2: Foul Ball, location: 2F
2-2: Foul Ball, location: 2F
2-2: Foul Ball, location: 2F
2-2: Ball
3-2: Base on Balls
Batting: RHB Vic Langlois 0-0: Ball
1-0: Called Strike
1-1: Ball
2-1: Ground out 5-3 (Groundball, 56S)
Pepe Carrasco to second
Batting: RHB Lonnie Anderson 0-0: Called Strike
0-1: Called Strike
0-2: Ball
1-2: Strikes out swinging
Top of the 6th over - 0 runs, 0 hits, 0 errors, 1 left on base; New York 0 - Portland 1
BOTTOM OF THE 6TH
Portland Cards batting - Pitching for New York Knights : RHP Thatcher Smith
Batting: LHB Jeff Daniels 0-0: SINGLE (Groundball, 34D)
Batting: LHB Troy Donaldson 0-0: Ball
1-0: Called Strike
1-1: Foul Ball, location: 2F
1-2: Ball
2-2: Ball
3-2: Foul Ball, location: 2F
3-2: Fly out, F9 (Flyball, 89M)
Batting: RHB Eugene Gill 0-0: Ball
1-0: Ball
2-0: Ball
3-0: Called Strike
3-1: Base on Balls
Jeff Daniels to second
Batting: RHB Aaron Scott 0-0: Called Strike
0-1: Grounds into double play, 4-6-3 (Groundball, 4)
Bottom of the 6th over - 0 runs, 1 hit, 0 errors, 1 left on base; New York 0 - Portland 1
TOP OF THE 7TH
New York Knights batting - Pitching for Portland Cards : RHP Nelson Ortega
Batting: SHB Marvin Harris 0-0: Ball
1-0: Foul Ball, location: 2F
1-1: Called Strike
1-2: Foul Ball, location: 2F
1-2: SOLO HOME RUN (Flyball, 9D), Distance : 353 ft
Batting: RHB Felipe Rodríguez 0-0: Fly out, F7 (Line Drive, 78D)
Batting: RHB Steve Sampson 0-0: Ball
1-0: Called Strike
1-1: Foul Ball, location: 2F
1-2: SINGLE (Groundball, 34D)
Pitching: LHP José Garza
Batting: LHB Marcos Pérez 0-0: Foul Ball, location: 2F
0-1: SINGLE (Line Drive, 9LS)
Steve Sampson to second
Pinch Runner at 2nd Robert Downing:
Batting: RHB Jacob Pope 0-0: Called Strike
0-1: SINGLE (Flyball, 9LM)
Robert Downing to third
Marcos Pérez to second
Runner from 3rd tries for Home, SAFE, throw made home
Batting: LHB Warren Potter 0-0: Called Strike
0-1: SINGLE (Groundball, 34D)
Marcos Pérez to third
Jacob Pope to second
Runner from 3rd tries for Home, SAFE, throw made home
Batting: RHB Pepe Carrasco 0-0: Foul Ball, location: 2F
0-1: Called Strike
0-2: Ball
1-2: Ball
2-2: Strikes out swinging
Batting: RHB Vic Langlois 0-0: Ball
1-0: SINGLE (Flyball, 8RM)
Jacob Pope to third
Warren Potter to second
Runner from 3rd tries for Home, SAFE, throw made home
Pitching: LHP Eduardo Trujillo
Batting: RHB Lonnie Anderson 0-0: Ball
1-0: Ball
2-0: Ball
3-0: Base on Balls
Warren Potter to third
Vic Langlois to second
Batting: SHB Marvin Harris 0-0: Called Strike
0-1: Ball
1-1: Ball
2-1: Swinging Strike
2-2: Foul Ball, location: 2F
2-2: Fly out, F7 (Line Drive, 78S)
Top of the 7th over - 4 runs, 6 hits, 0 errors, 3 left on base; New York 4 - Portland 1
BOTTOM OF THE 7TH
Portland Cards batting - Pitching for New York Knights : RHP Thatcher Smith
Batting: LHB Chance Santry 0-0: Ball
1-0: Ball
2-0: Ground out 4-3 (Groundball, 34)
Batting: RHB Mario Méndez 0-0: SINGLE (Groundball, 6MD)
Batting: RHB Robert Bly 0-0: Foul Ball, location: 2F
0-1: Foul Ball, location: 2F
0-2: Strikes out swinging
Batting: RHB Dani Vázquez 0-0: Ball
1-0: Reached on error, E5 (Groundball, 56)
Mario Méndez to third
Batting: RHB António Zúńiga 0-0: Called Strike
0-1: Ball
1-1: Called Strike
1-2: Foul Ball, location: 2F
1-2: Ball
2-2: SINGLE (Groundball, 3D)
Mario Méndez scores
Dani Vázquez to third
Runner from 3rd tries for Home, SAFE, no throw
Pitching: RHP Sancho Mendoza
Batting: LHB Jeff Daniels 0-0: Fly out, F8 (Flyball, 8RM)
Bottom of the 7th over - 2 runs, 2 hits, 1 error, 1 left on base; New York 4 - Portland 3
TOP OF THE 8TH
New York Knights batting - Pitching for Portland Cards : LHP Eduardo Trujillo
Batting: RHB Felipe Rodríguez 0-0: Fly out, F8 (Flyball, 8LM)
Batting: RHB Robert Downing 0-0: Ball
1-0: SINGLE (Line Drive, 7S)
Batting: LHB Marcos Pérez 0-0: Ball
1-0: Called Strike
1-1: SINGLE (Flyball, 89S)
Robert Downing to second
Runner from 2nd tries for 3rd, SAFE, no throw
Batting: RHB Jacob Pope 0-0: Ground out 5-3 (Groundball, 5S)
Marcos Pérez to second
Batting: LHB Warren Potter 0-0: Ball
1-0: Foul Ball, location: 2F
1-1: Foul Ball, location: 2F
1-2: Foul Ball, location: 2F
1-2: Ball
2-2: Foul Ball, location: 2F
2-2: SINGLE (Line Drive, 8LS)
Robert Downing scores
Marcos Pérez to third
Runner from 3rd tries for Home, throw and OUT!
Top of the 8th over - 1 run, 3 hits, 0 errors, 1 left on base; New York 5 - Portland 3
BOTTOM OF THE 8TH
Portland Cards batting - Pitching for New York Knights : RHP Sancho Mendoza
Batting: LHB Troy Donaldson 0-0: Ball
1-0: Ball
2-0: Foul Ball, location: 2F
2-1: Ball
3-1: Base on Balls
Batting: RHB Eugene Gill 0-0: Called Strike
0-1: Ground out 3-1 (Groundball, 34S)
Troy Donaldson to second
Batting: RHB Aaron Scott 0-0: Foul Ball, location: 2F
0-1: Foul Ball, location: 2F
0-2: Strikes out looking
Batting: LHB Chance Santry 0-0: Called Strike
0-1: Ball
1-1: Ball
2-1: Swinging Strike
2-2: Foul Ball, location: 2F
2-2: Fly out, F1 (Line Drive, 13S)
Bottom of the 8th over - 0 runs, 0 hits, 0 errors, 1 left on base; New York 5 - Portland 3
TOP OF THE 9TH
New York Knights batting - Pitching for Portland Cards : LHP Eduardo Trujillo
Batting: RHB Pepe Carrasco 0-0: Ball
1-0: Swinging Strike
1-1: SINGLE (Flyball, 89M)
Batting: RHB Vic Langlois 0-0: Called Strike
0-1: Called Strike
0-2: Foul Ball, location: 2F
0-2: Foul Ball, location: 2F
0-2: Ball
1-2: Strikes out swinging
Batting: RHB Lonnie Anderson 0-0: Ball
1-0: Ball
2-0: Grounds into double play, 5-4-3 (Groundball, 56)
Top of the 9th over - 0 runs, 1 hit, 0 errors, 0 left on base; New York 5 - Portland 3
BOTTOM OF THE 9TH
Portland Cards batting - Pitching for New York Knights : RHP Sancho Mendoza
Pitching: RHP Paco Ruíz
Batting: RHB Mario Méndez 0-0: Foul Ball, location: 2F
0-1: Ball
1-1: Ball
2-1: Ball
3-1: Ground out 1-3 (Groundball, 15S)
Batting: RHB Robert Bly 0-0: Ball
1-0: Foul Ball, location: 2F
1-1: Ball
2-1: Ball
3-1: Swinging Strike
3-2: Foul Ball, location: 2F
3-2: Foul Ball, location: 2F
3-2: Strikes out looking
Batting: RHB Dani Vázquez 0-0: Called Strike
0-1: Swinging Strike
0-2: Strikes out looking
Bottom of the 9th over - 0 runs, 0 hits, 0 errors, 0 left on base; New York 5 - Portland 3
Saturday, December 16th, 2017 - OOTP Baseball 18.8 Build 76